Map: Fields of Death

Players

rusich

  • Race: Protoss Protoss
  • Spawn Location: 6:00

Amix

  • Race: Protoss Protoss
  • League: Platinum
  • Spawn Location: 7:00

A.I. 2 (Elite)

  • Race: Terran Terran
  • Spawn Location: 12:00

A.I. 3 (Elite)

  • Race: Terran Terran
  • Spawn Location: 12:00

VOD

Have the link to the VOD?

Description

Time

  • Played on: Nov. 29, 2016, 9:04 a.m.
  • Length: 9:42
Show
View Real Time Build Order
Export as new Build Order

rusich Protoss 

Build Orders:  

Get SALT Encoding   

  12  0:08  Probe (Chrono Boost)  
  13  0:18  Probe (Chrono Boost)  
  14  0:29  Probe (Chrono Boost)  
  15  0:41  Pylon  
  15  0:58  Assimilator  
  15  0:59  Probe (Chrono Boost)  
  15  1:02  Assimilator  
  16  1:09  Pylon  
  16  1:10  Probe (Chrono Boost)  
  17  1:17  Forge  
  17  1:20  Gateway  
  17  1:29  Probe (Chrono Boost)  
  19  1:40  Probe (Chrono Boost)  
  19  1:54  Photon Cannon  
  19  1:58  Photon Cannon  
  19  2:02  Photon Cannon  
  19  2:25  Nexus  
  19  2:29  Assimilator  
  19  2:34  Assimilator  
  19  2:39  Pylon  
  19  2:49  Pylon  
  19  3:00  Cybernetics Core  
  19  3:05  Photon Cannon  
  19  3:24  Photon Cannon  
  19  3:26  Zealot  
  21  3:38  Probe (Chrono Boost)  
  22  3:49  Probe (Chrono Boost)  
  22  3:53  Zealot  
  25  3:56  Photon Cannon  
  25  3:59  Probe (Chrono Boost)  
  26  4:10  Probe (Chrono Boost)  
  27  4:20  Stalker  
  27  4:46  Probe (Chrono Boost)  
  27  4:50  Stalker  
  27  4:52  Probe (Chrono Boost)  
  31  4:57  Probe (Chrono Boost)  
  32  5:03  Probe (Chrono Boost)  
  33  5:07  Probe (Chrono Boost)  
  33  5:08  Pylon  
  33  5:13  Probe (Chrono Boost)  
  35  5:17  Pylon  
  35  5:18  Probe (Chrono Boost)  
  35  5:20  Stalker  
  38  5:22  Pylon  
  38  5:27  Pylon  
  38  5:28  Probe (Chrono Boost)  
  39  5:38  Stargate  
  39  5:44  Pylon  
  39  5:47  Probe (Chrono Boost)  
  40  5:50  Stalker  
  40  5:51  Probe (Chrono Boost)  
  43  5:57  Probe (Chrono Boost)  
  43  6:02  Probe (Chrono Boost)  
  45  6:06  Nexus  
  45  6:08  Assimilator, Probe (Chrono Boost)  
  46  6:12  Probe (Chrono Boost)  
  46  6:13  Assimilator  
  46  6:16  Pylon  
  47  6:18  Probe (Chrono Boost)  
  47  6:20  Stalker  
  50  6:29  Probe (Chrono Boost)  
  51  6:37  Void Ray  
  56  6:40  Probe (Chrono Boost)  
  56  6:46  Stargate  
  56  6:54  Probe (Chrono Boost)  
  57  7:02  Probe (Chrono Boost)  
  58  7:12  Probe (Chrono Boost)  
  58  7:14  Probe (Chrono Boost)  
  60  7:20  Void Ray  
  60  7:21  Probe (Chrono Boost)  
  65  7:23  Probe (Chrono Boost)  
  65  7:25  Probe (Chrono Boost)  
  67  7:31  Probe (Chrono Boost)  
  67  7:33  Void Ray  
  67  7:35  Probe (Chrono Boost)  
  73  7:40  Stargate  
  73  7:42  Probe (Chrono Boost)  
  74  7:52  Probe (Chrono Boost)  
  75  8:03  Probe (Chrono Boost), Void Ray  
  80  8:13  Probe (Chrono Boost)  
  80  8:16  Void Ray  
  80  8:17  Pylon  
  65  8:46  Void Ray  
  69  8:58  Void Ray  
Show
View Real Time Build Order
Export as new Build Order

Amix Protoss 

Build Orders:  

Get SALT Encoding   

  12  0:01  Probe (Chrono Boost)  
  13  0:21  Probe (Chrono Boost), Pylon  
  14  0:32  Probe (Chrono Boost)  
  15  0:40  Gateway  
  16  0:43  Probe (Chrono Boost)  
  16  0:48  Assimilator  
  16  0:53  Probe (Chrono Boost)  
  17  1:04  Probe (Chrono Boost)  
  18  1:14  Probe (Chrono Boost)  
  19  1:25  Probe (Chrono Boost)  
  20  1:27  Cybernetics Core  
  20  1:32  Gateway  
  20  1:35  Probe (Chrono Boost)  
  20  1:37  Zealot  
  23  1:48  Assimilator  
  23  1:55  Pylon  
  23  2:11  Forge  
  23  2:13  Stalker, Probe (Chrono Boost)  
  23  2:14  Warp Gate (Chrono Boost)  
  26  2:25  Probe  
  27  2:30  Zealot  
  27  2:31  Pylon  
  29  2:37  Probe  
  30  2:49  Probe  
  31  2:55  Photon Cannon  
  31  2:56  Photon Cannon  
  31  3:01  Probe  
  32  3:13  Probe  
  33  3:24  Nexus  
  33  3:31  Zealot  
  35  3:35  Adept  
  37  3:45  Pylon  
  31  4:18  Adept  
  31  4:35  Photon Cannon  
  31  4:37  Photon Cannon  
  31  4:42  Protoss Ground Weapons Level 1 (Chrono Boost), Probe  
  31  4:44  Probe  
  33  4:54  Probe  
  33  4:55  Probe  
  33  4:57  Gateway  
  33  4:58  Gateway  
  35  5:00  Gateway x2, Adept  
  37  5:07  Pylon  
  37  5:15  Probe  
  37  5:16  Mothership Core  
  40  5:27  Probe  
  41  5:33  Forge  
  41  5:35  Probe  
  41  5:36  Protoss Air Weapons Level 1  
  41  5:39  Probe  
  43  5:46  Probe  
  43  5:47  Assimilator  
  43  5:49  Assimilator  
  44  5:51  Probe  
  44  5:56  Probe  
  45  5:59  Stalker  
  45  6:00  Stalker  
  45  6:03  Probe  
  51  6:07  Probe  
  52  6:11  Protoss Shields Level 1 (Chrono Boost)  
  52  6:15  Probe  
  53  6:20  Probe  
  53  6:25  Nexus  
  54  6:30  Adept  
  54  6:31  Adept  
  58  6:36  Probe x2  
  60  6:44  Twilight Council  
  60  6:48  Probe  
  61  6:59  Adept x3  
  61  7:00  Pylon  
  67  7:02  Pylon  
  67  7:15  Adept  
  69  7:20  Adept x5  
  79  7:29  Pylon  
  79  7:31  Pylon  
  79  7:33  Pylon  
  79  7:38  Probe  
  79  7:40  Probe x2  
  82  7:54  Probe  
  82  7:55  Assimilator x2, Probe x2  
  85  8:07  Probe  
  86  8:19  Adept x5  
  51  8:44  Zealot x2  
  51  8:45  Zealot  
  50  9:06  Probe x2  
  44  9:17  Probe x2  
  44  9:27  Probe  
  44  9:28  Probe  
  39  9:36  Gateway x3  
  39  9:38  Gateway  
  34  9:41  Gateway  
Show
View Real Time Build Order
Export as new Build Order

A.I. 2 (Elite) Terran 

Build Orders: MMM Bio 

Get SALT Encoding   

  12  0:01  SCV  
  13  0:13  SCV  
  14  0:18  Supply Depot  
  14  0:25  SCV  
  15  0:40  SCV  
  16  0:43  Barracks  
  16  0:46  Refinery  
  16  0:52  SCV  
  17  1:03  Barracks  
  17  1:04  SCV  
  18  1:16  SCV  
  19  1:30  Orbital Command  
  19  1:31  Marine  
  20  1:42  Barracks  
  20  1:49  Marine x2  
  22  1:59  Supply Depot  
  22  2:02  SCV  
  22  2:07  Barracks Tech Lab  
  23  2:08  Barracks Tech Lab  
  23  2:21  SCV  
  24  2:25  Marine  
  24  2:27  Marine  
  24  2:28  Stimpack  
  24  2:29  Marine  
  27  2:30  Concussive Shells  
  27  2:37  Supply Depot  
  27  2:43  Marine  
  28  2:44  Marine  
  28  2:47  Marine, SCV  
  31  3:01  Marauder  
  31  3:03  Marauder  
  31  3:04  Marine  
  36  3:08  Supply Depot  
  36  3:20  Combat Shields  
  36  3:22  Marine x2, SCV  
  39  3:30  Marine, Supply Depot  
  40  3:40  Marine, Marauder  
  43  3:48  Marauder  
  45  3:49  Refinery  
  45  4:03  Marauder  
  45  4:09  Marauder  
  48  4:11  SCV  
  48  4:14  Marine  
  45  4:23  SCV  
  42  4:24  Marine  
  42  4:30  Marine  
  40  4:32  Marine  
  40  4:36  SCV  
  42  4:41  Factory  
  42  4:42  Marine  
  43  4:49  Marauder  
  43  4:50  Marine  
  46  4:54  Command Center  
  46  4:59  Marine  
  47  5:08  Marine  
  47  5:10  Marauder  
  47  5:13  Engineering Bay  
  50  5:26  Supply Depot  
  50  5:30  Marauder  
  50  5:35  Marauder  
  54  5:38  Terran Infantry Weapons Level 1  
  54  5:48  Engineering Bay  
  54  5:50  Barracks Reactor  
  54  5:52  Marine  
  54  5:55  Marine  
  56  6:07  SCV x2  
  56  6:10  Marauder  
  60  6:14  Terran Infantry Armor Level 1  
  60  6:19  SCV  
  60  6:20  SCV  
  62  6:31  SCV  
  62  6:32  SCV  
  64  6:41  Marauder, Factory Tech Lab  
  64  6:43  SCV  
  67  6:47  Command Center  
  67  6:54  Orbital Command  
  67  6:59  Siege Tank  
  70  7:04  SCV, Supply Depot  
  71  7:17  SCV  
  71  7:20  SCV  
  73  7:24  Missile Turret  
  73  7:29  SCV  
  74  7:31  Siege Tank  
  74  7:32  SCV  
  74  7:33  Missile Turret  
  74  7:34  Supply Depot  
  78  7:41  SCV  
  79  7:44  SCV  
  80  7:55  Barracks  
  80  7:59  Starport  
  80  8:01  SCV  
  80  8:03  SCV, Siege Tank  
  86  8:05  SCV  
  88  8:13  Marauder, SCV  
  88  8:15  SCV  
  88  8:16  Marine x2  
  88  8:18  Marine  
  80  8:23  SCV  
  80  8:25  SCV  
  77  8:27  SCV  
  77  8:33  Marine  
  77  8:34  Marine x2  
  79  8:35  Marine, SCV  
  79  8:36  Starport Reactor  
  79  8:37  SCV  
  79  8:39  SCV  
  85  8:42  Marine  
  85  8:47  SCV  
  87  8:49  SCV  
  87  8:51  Marine, SCV  
  87  8:52  Marauder, Marine  
  93  8:56  Supply Depot  
  93  8:57  Marine  
  93  9:00  Marine  
  93  9:01  SCV  
  93  9:02  SCV  
  97  9:03  SCV  
  93  9:10  Marauder  
  93  9:13  Marauder, SCV  
  93  9:15  SCV  
  99  9:17  SCV  
  99  9:22  Supply Depot  
  108  9:40  Refinery  
  108  9:41  Refinery  
Show
View Real Time Build Order
Export as new Build Order

A.I. 3 (Elite) Terran 

Build Orders: MMM Bio 

Get SALT Encoding   

  12  0:01  SCV  
  13  0:13  SCV  
  14  0:18  Supply Depot  
  14  0:25  SCV  
  15  0:39  SCV  
  16  0:43  Barracks  
  16  0:52  SCV  
  17  1:04  SCV  
  18  1:12  Refinery  
  18  1:15  Supply Depot  
  18  1:16  SCV  
  19  1:28  SCV  
  19  1:29  Marine  
  21  1:43  Command Center  
  21  2:06  Barracks  
  21  2:07  SCV  
  22  2:10  Marine  
  23  2:16  Factory  
  23  2:19  SCV  
  24  2:24  Supply Depot  
  24  2:29  Marine  
  25  2:31  SCV  
  26  2:43  SCV  
  27  2:46  Marine  
  28  2:54  Orbital Command  
  28  2:55  SCV  
  29  3:02  Refinery, Factory Tech Lab  
  29  3:11  Orbital Command  
  29  3:13  Marine  
  29  3:16  Marine  
  31  3:21  SCV  
  32  3:30  Marine  
  32  3:33  SCV  
  34  3:34  Marine  
  34  3:36  SCV  
  36  3:45  Barracks, SCV  
  37  3:48  Marine  
  37  3:49  SCV  
  37  3:53  Barracks Tech Lab  
  39  3:57  SCV  
  39  3:59  Supply Depot  
  39  4:01  SCV  
  41  4:06  Barracks Tech Lab  
  41  4:09  SCV  
  39  4:11  Marine  
  39  4:13  SCV  
  39  4:15  Stimpack  
  40  4:22  SCV  
  40  4:24  Marine  
  40  4:25  Siege Tank  
  40  4:27  Combat Shields  
  40  4:28  Marine  
  40  4:31  Marine, SCV  
  45  4:34  SCV  
  47  4:42  Marine  
  47  4:44  SCV  
  47  4:45  Refinery  
  49  4:46  Marine, SCV  
  49  4:49  Marine  
  49  4:51  Supply Depot  
  52  4:56  SCV  
  52  4:59  SCV  
  54  5:00  Marauder  
  54  5:04  Marine  
  57  5:07  Marine, Refinery  
  57  5:08  SCV  
  57  5:13  SCV  
  60  5:15  Engineering Bay  
  60  5:16  Supply Depot  
  60  5:20  SCV, Command Center  
  61  5:21  Marine  
  61  5:22  Marauder  
  61  5:25  Marine  
  61  5:28  SCV  
  66  5:32  SCV  
  67  5:39  Marauder  
  67  5:40  SCV  
  67  5:42  Terran Infantry Weapons Level 1  
  70  5:44  Marauder  
  70  5:45  SCV, Supply Depot  
  73  5:52  SCV  
  73  5:53  Barracks Reactor, Engineering Bay  
  73  5:57  SCV  
  75  5:59  Siege Tank  
  78  6:06  Marauder, SCV  
  78  6:07  Missile Turret  
  78  6:10  Supply Depot  
  81  6:12  Marauder  
  83  6:19  Terran Infantry Armor Level 1  
  83  6:21  Missile Turret  
  83  6:27  Barracks  
  83  6:28  Marauder  
  83  6:31  Starport, Siege Tank  
  88  6:33  Marauder, SCV  
  88  6:34  SCV  
  88  6:36  SCV  
  88  6:39  Concussive Shells  
  93  6:45  SCV  
  93  6:46  SCV  
  95  6:48  SCV  
  95  6:49  Marauder  
  95  6:50  Supply Depot  
  98  6:55  Marauder  
  98  6:57  SCV  
  98  6:58  SCV  
  98  7:00  SCV  
  103  7:04  Siege Tank  
  103  7:08  Marine, Missile Turret  
  107  7:09  SCV  
  107  7:10  SCV  
  107  7:11  Missile Turret  
  107  7:12  SCV, Medivac  
  107  7:15  Supply Depot  
  112  7:21  SCV  
  113  7:23  SCV  
  113  7:24  SCV  
  115  7:32  Missile Turret  
  115  7:33  SCV  
  115  7:36  Marine, SCV  
  119  7:37  Marauder, SCV  
  119  7:39  Supply Depot  
  119  7:41  Medivac  
  123  7:47  Factory  
  123  7:49  Refinery, Orbital Command  
  123  7:54  Marauder  
  123  7:55  Command Center, Starport  
  125  8:01  Siege Tank  
  125  8:03  Missile Turret  
  128  8:06  Supply Depot  
  128  8:12  Starport Reactor  
  127  8:21  Refinery  
  127  8:22  Marauder  
  127  8:24  Marauder  
  127  8:25  Armory  
  127  8:26  Marine  
  128  8:27  Missile Turret  
  128  8:28  Marine x2  
  128  8:29  Widow Mine  
  128  8:31  Supply Depot, Starport Tech Lab  
  128  8:33  Siege Tank  
  129  8:43  Marine, SCV  
  129  8:44  Marine  
  129  8:45  Marine  
  129  8:46  Marine  
  131  8:48  Medivac  
  131  8:50  Marine, Raven  
  132  8:56  Supply Depot  
  132  8:58  Widow Mine  
  132  9:01  Marine  
  132  9:02  Marauder  
  134  9:03  Marauder, Viking  
  134  9:04  Marine  
  134  9:08  Marine  
  137  9:24  Fusion Core  
  137  9:27  Factory Tech Lab  
  140  9:37  Refinery  
  145  9:41  Supply Depot  
Tags
 
Add a new tag
Caveats
  • Supply blocks, unpowered buildings, or Contaminate may cause inaccurate times.
  • Supply counts are checked every 10 seconds.